 Dungeon Crawl Stone Soup version 0.30.1-11-g7821555f0a (webtiles) character file.

Game seed: 2796557554604394146

1851 Pentewere the Conjurer (level 9, -3/71 HPs)
             Began as a Hill Orc Conjurer on Dec 4, 2023.
             Was a Believer of Beogh.
             Slain by a yak (15 damage)
             ... on level 9 of the Dungeon.
             The game lasted 00:22:04 (5616 turns).

Pentewere the Conjurer (Hill Orc Conjurer)          Turns: 5616, Time: 00:22:05

Health: -3/71      AC:  4    Str: 12    XL:     9   Next: 12%
Magic:  10/13      EV: 12    Int: 21    God:    Beogh [**....]
Gold:   377        SH:  0    Dex: 11    Spells: 2/13 levels left

rFire   . . .        c - +6 bardiche of Irritation {protect, Int+3}
rCold   . . .        (shield currently unavailable)
rNeg    + . .        z - +2 robe {rN+}
rPois   +            (no helmet)
rElec   .            m - scarf {repulsion}
rCorr   .            (no gloves)
SInv    .            (no boots)
Will    .....        j - amulet of magic regeneration
Stlth   ++           o - ring of poison resistance
HPRegen 0.31/turn    (no ring)
MPRegen 0.53/turn

%: repel missiles
@: studying Fire Magic
A: no striking features
a: Renounce Religion, Smiting


You were on level 9 of the Dungeon.
You worshipped Beogh.
Beogh was pleased with you.
You visited 1 branch of the dungeon, and saw 9 of its levels.

You collected 377 gold pieces.

Inventory:

Hand Weapons
 b - a +3 quarterstaff
 c - the +6 bardiche of Irritation (weapon) {protect, Int+3}
   (You found it on level 9 of the Dungeon)

   Int:       It affects your intelligence (+3).
 C - the +7 long sword "Dicil" {flame, rPois rC- Will+ Int+6}
   (You found it on level 6 of the Dungeon)

   Int:       It affects your intelligence (+6).
   rC:        It makes you vulnerable to cold.
   rPois:     It protects you from poison.
   Will:      It increases your willpower.
Armour
 a - a +1 robe
 m - a scarf of repulsion (worn)
 z - a +2 robe of positive energy (worn)
Jewellery
 d - an amulet of faith
 j - an amulet of magic regeneration (around neck)
 o - a ring of poison resistance (left hand)
 x - an amulet of reflection
Wands
 l - a wand of mindburst (2)
Scrolls
 i - 3 scrolls of teleportation
 n - 2 scrolls of fog
 q - a scroll of vulnerability
 s - a scroll of amnesia
 t - 2 scrolls of acquirement {unknown}
 v - 2 scrolls of immolation
 y - 2 scrolls of torment
 A - 2 scrolls of enchant armour
Potions
 e - 2 potions of might {unknown}
 f - 5 potions of curing
 g - 4 potions of brilliance
 h - 2 potions of haste {unknown}
 k - a potion of resistance {unknown}
 p - 3 potions of berserk rage {unknown}
 r - a potion of magic
 u - 3 potions of attraction {unknown}
 w - 2 potions of cancellation {unknown}
 B - a potion of mutation {unknown}


   Skills:
 * Level 3.7 Fighting
 * Level 1.2 Long Blades
 * Level 3.7 Staves
 * Level 3.6 Throwing
 * Level 3.1 Armour
 * Level 3.1 Dodging
 * Level 3.2 Stealth
 * Level 2.8 Spellcasting
 * Level 5.6 Conjurations
 * Level 2.2 Hexes
 * Level 2.0 Fire Magic
 * Level 2.9 Invocations
 * Level 2.3 Evocations


You had 2 spell levels left.
You knew the following spells:

 Your Spells              Type           Power      Damage    Failure   Level
a - Magic Dart            Conj           100%       1d8       1%          1
b - Searing Ray           Conj           52%        2d6       1%          2
c - Fulminant Prism       Conj/Hex       9%         3d7       26%         4
d - Iskenderun's Mystic   Conj/Tloc      14%        2d5       38%         4

Your spell library contained the following spells:

 Spells                   Type           Power      Damage    Failure   Level
 Dazzling Flash           Conj/Hex       38%        N/A       8%          3
 Iskenderun's Battlesphe  Conj           26%        2d8       36%         5
 Iron Shot                Conj/Erth      7%         9d2       100%        6
 Spellforged Servitor     Conj/Summ      7%         N/A       100%        7


Dungeon Overview and Level Annotations

Branches:
Dungeon (9/15)             Temple (0/1) D:5
   Lair: D:8-11         Orc: D:9-12

Altars:
Elyvilon
Hepliaklqana
Makhleb
Okawaru
Uskayaw
Zin


Message History

Unknown command.
The yak bellows!
You closely miss the yak. The yak gores you!
You slash the yak!
Your weapon exudes an aura of protection.
The yak is heavily wounded.
The yak gores you.
You slash the yak!
The yak is moderately wounded.
The yak gores you but does no damage. The yak gores you!
The yak closely misses you. The yak barely misses you.
Casting: Searing Ray (safe; 1% risk of failure)
Confirm with . or Enter, or press ? or * to list all spells.
Aiming: Searing Ray (safe; 1% risk of failure)
Press: ? - help, Shift-Dir - straight line, f - yak
Aim: a yak (heavily wounded, 87% to hit)
The searing ray hits the yak.
The yak is heavily wounded. (Press . to maintain the ray.)
The yak gores you! The yak gores you.
The searing ray hits the yak.
The yak is heavily wounded.
The yak gores you!
* * * LOW HITPOINT WARNING * * *
The yak barely misses you.
Unknown command.
The searing ray hits the yak.
The yak is severely wounded.
The yak gores you!
* * * LOW HITPOINT WARNING * * *
The yak closely misses you.
The searing ray hits the yak!
The yak is almost dead.
You finish channelling your searing ray.
The yak gores you!
* * * LOW HITPOINT WARNING * * *
The yak barely misses you.
Unknown command.
You feel better. The yak gores you but does no damage. The yak gores you!
You die...

.# ##+## #.##.#.# .#
##...## # #.#.# ##
##..)..## # #.#.# ##
##.......###.##.#.#
.####.........##.#....#####
....'.........+............
..###.........##......#####
..# ##.......######.#####
.## ##.....## #@Y).....# ##
##...## #Y##.###.# # ##+##
#Y##...# # #.####.# # ..#
.# #.# # ... ###


You could see 3 yaks.

Vanquished Creatures
  Pikel (D:7)
  Sigmund (D:2)
  A steam dragon (D:6)
  3 water moccasins
  A sky beast (D:7)
  3 lemures (D:7)
  2 scorpions
  A jelly (D:4)
  An orc priest (D:6)
  Crazy Yiuf (D:2)
  2 sleepcaps
  Jessica (D:2)
  3 orc wizards
  An iguana (D:5)
  7 gnolls (D:2)
  13 adders
  3 ufetubi
  4 worms
  2 dart slugs
  17 orcs
  9 ball pythons
  3 bats
  3 endoplasms
  3 giant cockroaches
  7 goblins
  16 hobgoblins
  7 quokkas
  3 frilled lizards
  13 kobolds
  4 rats
136 creatures vanquished.

Vanquished Creatures (others)
  A fulminant prism (D:2)
1 creature vanquished.

Grand Total: 137 creatures vanquished

Notes
Turn   | Place    | Note
-------+----------+-------------------------------------------
     0 | D:1      | Pentewere the Hill Orc Conjurer began the quest for the
                  | Orb.
     0 | D:1      | Reached XP level 1. HP: 14/14 MP: 3/3
   109 | D:1      | Reached XP level 2. HP: 15/20 MP: 0/4
   112 | D:1      | Learned a level 2 spell: Searing Ray
   382 | D:2      | Reached XP level 3. HP: 27/27 MP: 3/5
   466 | D:3      | Reached skill level 1 in Fighting
   781 | D:3      | Reached skill level 1 in Armour
   903 | D:3      | Reached XP level 4. HP: 35/35 MP: 6/6
  1073 | D:4      | Noticed a scorpion
  1143 | D:4      | Killed a scorpion
  1144 | D:4      | Reached skill level 1 in Staves
  1144 | D:4      | Reached XP level 5. HP: 21/40 MP: 1/7
  1158 | D:4      | Learned a level 4 spell: Fulminant Prism
  1398 | D:4      | Found a white marble altar of Elyvilon.
  1398 | D:4      | Found a burning altar of Makhleb.
  1414 | D:4      | Found a glowing silver altar of Zin.
  1422 | D:4      | Found a hazy altar of Hepliaklqana.
  1441 | D:4      | Found an iron altar of Okawaru.
  1449 | D:4      | Found a hide-covered altar of Uskayaw.
  1689 | D:5      | Entered Level 5 of the Dungeon
  1790 | D:5      | Reached skill level 1 in Throwing
  1972 | D:5      | Reached XP level 6. HP: 48/48 MP: 9/9
  1975 | D:5      | Found a staircase to the Ecumenical Temple.
  1979 | D:5      | Became a worshipper of Beogh the Brigand
  1994 | D:5      | Noticed a water moccasin
  2005 | D:5      | Killed a water moccasin
  2006 | D:5      | Reached skill level 5 in Conjurations
  2241 | D:5      | Noticed a water moccasin
  2250 | D:5      | Killed a water moccasin
  2251 | D:5      | Reached XP level 7. HP: 18/55 MP: 4/10
  2466 | D:5      | Reached skill level 1 in Hexes
  2466 | D:5      | Reached skill level 1 in Invocations
  3606 | D:2      | Reached skill level 1 in Evocations
  3745 | D:2      | Noticed Sigmund
  3754 | D:2      | Killed Sigmund
  3755 | D:2      | Reached * piety under Beogh
  3838 | D:2      | Noticed Jessica
  3840 | D:2      | Killed Jessica
  3875 | D:2      | Reached XP level 8. HP: 58/62 MP: 7/11
  4127 | D:2      | Found a runed translucent door.
  4128 | D:2      | Noticed Crazy Yiuf
  4136 | D:2      | Killed Crazy Yiuf
  5007 | D:6      | Reached ** piety under Beogh
  5046 | D:6      | Identified the +7 long sword "Dicil" {flame, rPois rC-
                  | Will+ Int+6}
  5138 | D:7      | Noticed Pikel
  5189 | D:7      | Killed Pikel
  5190 | D:7      | Reached skill level 1 in Long Blades
  5190 | D:7      | Reached skill level 1 in Fire Magic
  5429 | D:7      | Reached XP level 9. HP: 70/70 MP: 9/13
  5455 | D:7      | Learned a level 4 spell: Iskenderun's Mystic Blast
  5603 | D:9      | Identified the +6 bardiche of Irritation {protect, Int+3}
  5616 | D:9      | Slain by a yak

Illustrated notes

Levels and vault maps discovered:
D:1:      ldierk_walled_garden_2, layout_rooms, minmay_pentomino_v2
D:2:      layout_basic, uniq_crazy_yiuf_cottage, uniq_sigmund, uniq_jessica
D:3:      minmay_razor_zed, layout_rooms, st_stairs_13
D:4:      layout_cave_pods, nicolae_overflow_hallway_of_the_gods
D:5:      layout_basic, minmay_temple_entry_proselytizer
D:6:      corexii_shantytown, layout_loops_ring, serial_shops, shop,
          minmay_manual_mail
D:7:      layout_basic, serial_glass, glass_columns_a, glass_columns_a,
          nicolae_grassy_gnolls, uniq_duvessa, uniq_pikel
D:8:      layout_rooms, lemuel_flamethrower_1
D:9:      layout_loops_corners, xom_redecorated, ebering_ghost_xom,
          serial_glass, glass_columns_a, glass_columns_b

Skill      XL: |  1  2  3  4  5  6  7  8  9 |
---------------+----------------------------+-----
Fighting       | 1 2 3 |  3.7
Armour         | 1 2 3 |  3.1
Stealth        | 2 3 |  3.2
Staves         | 1 2 3 |  3.7
Dodging        | 2 3 |  3.1
Throwing       | 1 2 3 |  3.6
Spellcasting   | 2 |  2.8
Conjurations   | 5 |  5.6
Hexes          | 1 2 |  2.2
Invocations    | 1 2 |  2.9
Evocations     | 1 2 |  2.3
Long Blades    | 1 |  1.2
Fire Magic     | 1 2 |  2.0

Action                     |  1- 3 |  4- 6 |  7- 9 || total
---------------------------+-------+-------+-------++-------
  Melee: Quarterstaff      |    23 |    30 |    73 ||   126
         Long sword        |       |       |    17 ||    17
         Bardiche          |       |       |     3 ||     3
  Throw: Boomerang         |     6 |    39 |    60 ||   105
   Cast: Magic Dart        |    20 |       |     3 ||    23
         Searing Ray       |     8 |    12 |    21 ||    41
         Fulminant Prism   |       |       |     1 ||     1
         Iskenderun's Myst |       |       |     1 ||     1
 Invoke: Convert to Beogh  |       |     1 |       ||     1
  Evoke: Wand              |       |       |     6 ||     6
    Use: Potion            |     2 |       |     6 ||     8
         Scroll            |     2 |     4 |     6 ||    12
   Stab: Sleeping          |       |     2 |     3 ||     5
 Armour: Robe              |    13 |     8 |    38 ||    59
  Dodge: Dodged            |    43 |    59 |   100 ||   202
